 Dungeon Crawl Stone Soup version 0.23.0-3-gf3c87f2df8 (webtiles) character file.

Game seed: 14997305640125635308

4970 Sondor the Basher (level 10, -2/88 HPs)
             Began as a Demonspawn Chaos Knight on Feb 20, 2019.
             Was a Plaything of Xom.
             Slain by a gnoll sergeant
             ... wielding a +0 trident
              (4 damage)
             ... on level 8 of the Dungeon.
             The game lasted 00:20:50 (7637 turns).

Sondor the Basher (Demonspawn Chaos Knight)         Turns: 7637, Time: 00:20:50

Health: -2/88      AC: 11    Str: 19    XL:     10   Next: 28%
Magic:  10/10      EV: 14    Int: 14    God:    Xom [......]
Gold:   435        SH:  0    Dex: 17    Spells: 9/9 levels left

rFire    . . .     SeeInvis .   a - +5 morningstar
rCold    + . .     Gourm    .   (no shield)
rNeg     . . .     Faith    .   b - +2 leather armour
rPois    +         Spirit   .   (helmet restricted)
rElec    .         Reflect  .   (no cloak)
rCorr    .         Harm     .   e - +2 pair of gloves
MR       .....                  n - +0 pair of boots
Stlth    ++........             v - amulet of inaccuracy
HPRegen  0.24/turn              t - ring of the Secret Demons {rPois Str+4 Dex+4}
MPRegen  0.12/turn              (no ring)

@: drained
A: antennae 2, molten scales 1, cold resistance 1, robust 1, spiny 2
a: Renounce Religion


You were on level 8 of the Dungeon.
You worshipped Xom.
You were a very special plaything of Xom.
You were not hungry.

You visited 1 branch of the dungeon, and saw 8 of its levels.

You collected 435 gold pieces.

Inventory:

Hand Weapons
 a - a +5 morningstar (weapon)
 l - a +1 short sword of flaming
 s - a +3 flail of crushing
Missiles
 j - 3 tomahawks of dispersal (quivered)
Armour
 b - a +2 leather armour (worn)
 e - a +2 pair of gloves (worn)
 n - a +0 pair of boots (worn)
 p - a +0 helmet
Jewellery
 t - the ring of the Secret Demons (left hand) {rPois Str+4 Dex+4}
   (You found it on level 4 of the Dungeon)

   [ring of poison resistance]

   It affects your strength (+4).
   It affects your dexterity (+4).
   It protects you from poison.
 v - an amulet of inaccuracy (around neck)
 z - an uncursed ring of fire
Wands
 A - a wand of iceblast (1)
Scrolls
 g - 2 scrolls of teleportation
 i - 4 scrolls of identify
 B - a scroll of fear
Potions
 d - a potion of cancellation
 f - a potion of berserk rage
 m - a potion of curing
 q - 2 potions of might
 r - 2 potions of flight
Comestibles
 c - 2 rations


   Skills:
 + Level 7.6(6.6) Fighting
 + Level 2.5(2.8) Short Blades
   Level 4.1(3.6) Long Blades
 + Level 8.1(7.1) Maces & Flails
 + Level 4.5(3.6) Armour
 + Level 5.3(4.4) Dodging
 + Level 4.6(3.7) Stealth
 + Level 0.9(0.1) Evocations


You had 9 spell levels left.
You didn't know any spells.
Your spell library contained the following spells:

 Spells                   Type           Power        Failure   Level  Hunger
 Magic Dart               Conj           #...         32%         1    ##.....
 Blink                    Tloc           N/A          45%         2    ###....
 Call Imp                 Summ           #.......     45%         2    ###....
 Slow                     Hex            #.......     45%         2    ###....
 Conjure Flame            Conj/Fire      #.......     69%         3    ####...
 Mephitic Cloud           Conj/Pois/Air  #.......     69%         3    ####...


Dungeon Overview and Level Annotations

Branches:
Dungeon (8/15)             Temple (0/1) D:7
   Lair: D:8-11

Altars:
Ashenzari
Fedhas
Gozag
Wu Jian
Xom
Zin

Annotations:
D:8 Gastronok


Innate Abilities, Weirdness & Mutations

You have a pair of antennae on your head.
You are partially covered in molten scales. (AC +2)
Your flesh is cold resistant. (rC+)
You are robust. (+10% HP)
You are mostly covered in sharp spines.


Message History

The iceblast engulfs the gnoll sergeant!
You kill the gnoll sergeant!
The iceblast engulfs the gnoll sergeant.
The gnoll sergeant is severely wounded.
The gnoll sergeant hits you from afar with a +0 trident!
* * * LOW HITPOINT WARNING * * *
The gnoll sergeant hits you from afar with a +0 trident.
* * * LOW HITPOINT WARNING * * *
A phantom comes into view.
The phantom blinks!
Something hits the phantom but does no damage.
The phantom blinks!
The orc warrior misses you.
The freed slave hits the orc warrior but does no damage.
There is a stone staircase leading down here.
The gnoll sergeant blocks the freed slave's attack.
The orc warrior hits you with a +0 long sword.
* * * LOW HITPOINT WARNING * * *
The gnoll sergeant hits you from afar with a +0 trident.
You die...
Xom cackles wildly!

.........# #.. #..######.....#
.........####.##..# #.(...#
...........##..#..######.....#
...........###.#.............#
....####....((.(.).#.........#
....##......##.)..........#..##
....##......##................#
....##......##..W#...#######.##
######......##.o@#...........#
.......p##g####..#########
###.#..#..p...g......#
#.#..#########..##.#
#.#.........).g.# # #.#
######o.#.# .....#.# .......#.#
#..###..<.#


You could see a phantom, an orc warrior, a gnoll sergeant and a neutral freed
slave.

Vanquished Creatures
  A two-headed ogre (D:8)
  An unseen horror (D:5)
  Pikel (D:8)
  A wyvern (D:8)
  A hungry ghost (D:8)
  Menkaure (D:4)
  An orc warrior (D:8)
  A sky beast (D:5)
  2 phantoms
  An ogre (D:6)
  4 centaurs
  A big kobold (D:8)
  2 bullfrogs (D:7)
  3 gnoll sergeants (D:8)
  3 scorpions
  6 killer bees (D:8)
  10 wights (D:7)
  An electric eel (D:7)
  3 howler monkeys
  A bullfrog zombie (D:5)
  A crimson imp (D:8)
  2 hounds
  2 jellies (D:6)
  A quasit (D:6)
  3 orc priests
  5 orc wizards
  Natasha (D:3)
  Terence (D:2)
  An iguana (D:6)
  8 worker ants
  A hound skeleton (D:8)
  4 gnolls (D:5)
  5 adders
  A shadow imp (D:5)
  An adder skeleton (D:5)
  A worm (D:4)
  A dart slug (D:3)
  7 leopard geckos
  29 orcs
  A giant cockroach (D:4)
  11 goblins
  8 hobgoblins
  17 jackals
  2 quokkas
  2 ball pythons (D:1)
  7 bats
  9 frilled lizards
  11 kobolds
  A leopard gecko skeleton (D:6)
  6 rats
195 creatures vanquished.

Vanquished Creatures (others)
  A slave (D:8)
  A bullfrog skeleton (D:8)
  4 orcs
6 creatures vanquished.

Grand Total: 201 creatures vanquished

Notes
Turn   | Place    | Note
-------+----------+-------------------------------------------
     0 | D:1      | Sondor the Demonspawn Chaos Knight began the quest for the
                  | Orb.
     0 | D:1      | Reached XP level 1. HP: 18/18 MP: 1/1
   113 | D:1      | XOM: potion effect (brilliance)
   117 | D:1      | XOM: butterfly on damage
   126 | D:1      | XOM: cast spell 'Dispersal'
   133 | D:1      | Reached skill level 1 in Dodging
   150 | D:1      | XOM: enchant monster (bad)
   155 | D:1      | Gained mutation: You are partially covered in sharp spines.
                  | [demonic ancestry]
   155 | D:1      | Reached XP level 2. HP: 4/24 MP: 2/2
   158 | D:1      | XOM: harmless Summ miscast
   794 | D:1      | XOM: cloud trail
   845 | D:2      | Gained mutation: Your flesh is cold resistant. (rC+)
                  | [demonic ancestry]
   845 | D:2      | Reached XP level 3. HP: 29/29 MP: 3/3
   870 | D:2      | Noticed Terence
   881 | D:2      | Killed Terence
  1107 | D:2      | Reached XP level 4. HP: 36/37 MP: 4/4
  1160 | D:2      | XOM: god gift: ration
  1381 | D:2      | Found a blossoming altar of Fedhas.
  1642 | D:3      | Gained mutation: You have a pair of small antennae on your
                  | head. [demonic ancestry]
  1642 | D:3      | Reached XP level 5. HP: 38/42 MP: 5/5
  1659 | D:3      | XOM: cleaving
  1838 | D:3      | Noticed Natasha
  1842 | D:3      | Killed Natasha
  1908 | D:3      | Reached skill level 1 in Short Blades
  1915 | D:3      | XOM: confuse monster(s)
  1920 | D:3      | XOM: enchant monster (good)
  2024 | D:3      | XOM: scenery: 1 doors open
  2287 | D:4      | Gained mutation: You are partially covered in molten
                  | scales. (AC +2) [demonic ancestry]
  2287 | D:4      | Reached XP level 6. HP: 46/48 MP: 6/6
  2323 | D:4      | XOM: silly message
  2388 | D:4      | XOM: harmless Summ miscast
  2439 | D:4      | XOM: summons 3 hostile demons
  2440 | D:4      | Noticed a soul eater
  2647 | D:4      | Got a scorched amber ring
  2651 | D:4      | Identified the ring of the Secret Demons {rPois Str+4
                  | Dex+4} (You found it on level 4 of the Dungeon)
  2804 | D:4      | Noticed Menkaure
  2814 | D:4      | Killed Menkaure
  2814 | D:4      | Reached skill level 1 in Maces & Flails
  2814 | D:4      | Reached skill level 1 in Stealth
  2913 | D:4      | XOM: mild Fire miscast
  3061 | D:4      | XOM: harmless Tloc miscast
  3085 | D:4      | XOM: noise
  3088 | D:4      | Gained mutation: You are mostly covered in sharp spines.
                  | [demonic ancestry]
  3088 | D:4      | Reached XP level 7. HP: 37/55 MP: 7/7
  3274 | D:4      | XOM: potion effect (brilliance)
  3458 | D:5      | Entered Level 5 of the Dungeon
  3508 | D:5      | Reached skill level 2 in Maces & Flails
  3512 | D:5      | XOM: harmless Hex miscast
  3734 | D:5      | XOM: 3-stop teleportation journey
  4001 | D:5      | XOM: scenery: create altars
  4158 | D:5      | Killed an unseen horror
  4158 | D:5      | Reached skill level 5 in Fighting
  4158 | D:5      | Reached skill level 4 in Maces & Flails
  4158 | D:5      | Reached XP level 8. HP: 29/62 MP: 8/8
  4619 | D:6      | Reached skill level 5 in Maces & Flails
  4641 | D:6      | XOM: divination: detect creatures
  4722 | D:6      | XOM: medium Air miscast
  4867 | D:6      | XOM: 1-stop teleportation journey
  4990 | D:6      | Found a shattered altar of Ashenzari.
  5005 | D:6      | XOM: harmless Necr miscast
  5044 | D:6      | Found an opulent altar of Gozag.
  5044 | D:6      | Found a glowing silver altar of Zin.
  5267 | D:6      | Gained mutation: You have a pair of antennae on your head.
                  | [demonic ancestry]
  5267 | D:6      | Reached XP level 9. HP: 62/69 MP: 9/9
  5375 | D:6      | XOM: silly message
  5505 | D:7      | XOM: harmless Pois miscast
  5770 | D:7      | Reached skill level 6 in Maces & Flails
  5899 | D:7      | XOM: harmless Tmut miscast
  5944 | D:7      | XOM: summons friendly crimson imp
  5954 | D:7      | XOM: divination: magic mapping
  5995 | D:7      | XOM: mild Hex miscast
  6190 | D:7      | XOM: summons 4 hostile demons
  6191 | D:7      | Noticed an orange demon
  6191 | D:7      | Noticed an ice devil
  6191 | D:7      | Noticed a rust devil
  6191 | D:7      | Noticed a soul eater
  6373 | D:8      | XOM: mild Pois miscast
  6512 | D:8      | XOM: blink monster(s)
  6622 | D:8      | Noticed a two-headed ogre
  6623 | D:8      | XOM: 1-stop teleportation journey
  6657 | D:8      | Reached skill level 5 in Dodging
  6666 | D:8      | XOM: harmless Summ miscast
  6669 | D:8      | Reached skill level 7 in Maces & Flails
  6673 | D:8      | Found an ornate altar of the Wu Jian Council.
  6791 | D:8      | XOM: summons 1 hostile shadow creature
  6850 | D:8      | XOM: chaos cloud
  6853 | D:8      | XOM: smoke on damage
  6855 | D:8      | XOM: confusion
  6859 | D:8      | XOM: 1-stop teleportation journey
  6971 | D:8      | XOM: confusion (+ monsters)
  6983 | D:8      | XOM: enchant monster (bad)
  6993 | D:8      | Killed a two-headed ogre
  6993 | D:8      | Gained mutation: You are robust. (+10% HP) [demonic
                  | ancestry]
  6993 | D:8      | Reached XP level 10. HP: 27/86 MP: 10/10
  7279 | D:8      | Noticed Pikel
  7280 | D:8      | XOM: summons 1 hostile demon
  7288 | D:8      | XOM: destruction
  7290 | D:8      | Killed Pikel
  7344 | D:8      | Noticed Gastronok
  7350 | D:8      | XOM: draining
  7409 | D:8      | XOM: medium Pois miscast
  7625 | D:8      | Reached skill level 8 in Maces & Flails
  7637 | D:8      | HP: 2/88 [orc warrior/+0 long sword (6)]
  7637 | D:8      | Slain by a gnoll sergeant

Skill      XL: |  1  2  3  4  5  6  7  8  9 10 |
---------------+-------------------------------+-----
Dodging        | 1 2 4 5 |  5.3
Long Blades    | 3 4 |  4.1
Armour         | 2 3 4 |  4.5
Fighting       | 4 5 7 |  7.6
Short Blades   | 1 2 |  2.5
Maces & Flails | 1 4 5 7 8 |  8.1
Stealth        | 1 2 3 4 |  4.6
Evocations     | |  0.9

Action                   |  1- 3 |  4- 6 |  7- 9 | 10-12 || total
-------------------------+-------+-------+-------+-------++-------
Melee: Falchion          |    64 |    25 |       |       ||    89
       Short sword       |       |    65 |       |       ||    65
       Flail             |       |    34 |   154 |       ||   188
       Morningstar       |       |       |    68 |    24 ||    92
Evoke: Wand              |       |       |     5 |     2 ||     7
  Use: Potion            |     1 |       |     9 |     1 ||    11
       Scroll            |     1 |     7 |    10 |     3 ||    21
 Stab: Paralysed         |     1 |       |       |       ||     1
       Confused          |       |     1 |     3 |       ||     4
       Sleeping          |       |       |     4 |       ||     4
       Distracted        |       |       |     2 |       ||     2
  Eat: Ration            |       |     3 |     2 |     1 ||     6
       Chunk             |       |     2 |     6 |       ||     8
Armor: Leather armour    |    17 |    39 |    66 |     7 ||   129
Dodge: Dodged            |    48 |    83 |   172 |    25 ||   328
       Rpst.: Falchion   |    18 |     8 |       |       ||    26
